ORI
FLORIDA STATE UNIVERSITY SEMINOLES @ LOUISIANA STATE UNIVERSITY TIGERS
08/01/2047
 
TOP OF THE 1ST
Florida State University Seminoles batting - Pitching for Louisiana State University Tigers : LHP Juan Barrios
Pitching: LHP Juan Barrios
Batting: RHB Larry Berge 0-0: Foul Ball, location: 2F
0-1: SINGLE (Groundball, 34D, EV 103.1 MPH)
Batting: RHB Washichi Goto 0-0: Ball
1-0: Ball
2-0: Foul Ball, location: 2F
2-1: Foul Ball, location: 2F
2-2: Ball
3-2: Foul Ball, location: 2F
3-2: Ground out 4-3 (Groundball, 34S, EV 81.9 MPH)
Larry Berge to second
Batting: LHB Ethan Ware 0-0: Called Strike
0-1: Reached on error, E3 (Groundball, 34, EV 101.9 MPH)
Larry Berge to third
Batting: RHB Ed Vilches 0-0: SINGLE (Groundball, 34, EV 100.6 MPH)
Larry Berge scores
Ethan Ware to second
Runner from 2nd tries for 3rd, SAFE, throw by RF made to third
Batting: RHB Tony Valdez 0-0: Foul Ball, location: 2F
0-1: Ball
1-1: Ball
2-1: Called Strike
2-2: Foul Ball, location: 2F
2-2: Ball
3-2: Strikes out swinging
Batting: RHB Terry Cisneros 0-0: Called Strike
0-1: Swinging Strike
0-2: Foul Ball, location: 2F
0-2: Ball
1-2: Foul Ball, location: 2F
1-2: Foul Ball, location: 2F
1-2: Fielders Choice at 2nd, 5-4 (Groundball, 56, EV 90.6 MPH)
Top of the 1st over - 1 run, 2 hits, 1 error, 2 left on base; Florida State University 1 - Louisiana State University 0
BOTTOM OF THE 1ST
Louisiana State University Tigers batting - Pitching for Florida State University Seminoles : RHP Rodrigo Lovato
Pitching: RHP Rodrigo Lovato
Batting: RHB Winston Vasquez 0-0: Foul Ball, location: 2F
0-1: Foul Ball, location: 2F
0-2: Ball
1-2: Ground out 6-3 (Groundball, 6, EV 83.1 MPH)
Batting: LHB Oscar Rivera 0-0: Ball
1-0: Fly out, F8 (Flyball, 8LM, EV 92.5 MPH)
Batting: RHB Leo Roldan 0-0: Ground out 5-3 (Groundball, 56S, EV 71.9 MPH)
Bottom of the 1st over - 0 runs, 0 hits, 0 errors, 0 left on base; Florida State University 1 - Louisiana State University 0
TOP OF THE 2ND
Florida State University Seminoles batting - Pitching for Louisiana State University Tigers : LHP Juan Barrios
Batting: RHB Butch Huskey 0-0: Foul Ball, location: 2F
0-1: Ball
1-1: Ball
2-1: Ground out 4-3 (Groundball, 4, EV 85.6 MPH)
Batting: RHB David Lucarelli 0-0: Ball
1-0: Ball
2-0: Swinging Strike
2-1: SINGLE (Groundball, 6S, EV 68.1 MPH) (infield hit)
Batting: RHB Emilio Guerra 0-0: Foul Ball, location: 2F
0-1: Called Strike
0-2: Strikes out looking
Batting: RHB Larry Berge 0-0: Ball
1-0: Ball
2-0: Called Strike
2-1: Called Strike
2-2: Strikes out swinging
Top of the 2nd over - 0 runs, 1 hit, 0 errors, 1 left on base; Florida State University 1 - Louisiana State University 0
BOTTOM OF THE 2ND
Louisiana State University Tigers batting - Pitching for Florida State University Seminoles : RHP Rodrigo Lovato
Batting: RHB Keith Ashton 0-0: Ball
1-0: Ball
2-0: Called Strike
2-1: Foul Ball, location: 2F
2-2: Foul Ball, location: 2F
2-2: Ball
3-2: Fly out, F8 (Flyball, 8LXD, EV 79.4 MPH)
Batting: LHB Elijah Mallandain 0-0: Foul Ball, location: 2F
0-1: Foul Ball, location: 2F
0-2: Strikes out looking
Batting: LHB Alex Morales 0-0: SINGLE (Line Drive, 6MD, EV 105.6 MPH)
Batting: RHB David Dye 0-0: Ball
Alex Morales steals 2nd base (no throw)
1-0: Called Strike
1-1: SINGLE (Line Drive, 4D, EV 103.8 MPH)
Alex Morales to third
Throwing error, E8
Alex Morales scores
David Dye to second
Batting: RHB Ding-bong Zhào 0-0: Ball
1-0: Called Strike
1-1: Ground out 4-3 (Groundball, 4, EV 109.4 MPH)
Bottom of the 2nd over - 1 run, 2 hits, 1 error, 1 left on base; Florida State University 1 - Louisiana State University 1
TOP OF THE 3RD
Florida State University Seminoles batting - Pitching for Louisiana State University Tigers : LHP Juan Barrios
Batting: RHB Washichi Goto 0-0: Foul Ball, location: 2F
0-1: Ground out U3 (Groundball, 34, EV 80.0 MPH)
Batting: LHB Ethan Ware 0-0: Called Strike
0-1: Ball
1-1: Swinging Strike
1-2: Ball
2-2: TRIPLE (Flyball, 9LD, EV 94.4 MPH)
Batting: RHB Ed Vilches 0-0: Fly out, F7 (Flyball, 78S, EV 93.1 MPH)
Batting: RHB Tony Valdez 0-0: Called Strike
0-1: Ball
1-1: Fly out, F9 (Flyball, 89S, EV 81.9 MPH)
Top of the 3rd over - 0 runs, 1 hit, 0 errors, 1 left on base; Florida State University 1 - Louisiana State University 1
BOTTOM OF THE 3RD
Louisiana State University Tigers batting - Pitching for Florida State University Seminoles : RHP Rodrigo Lovato
Batting: LHB Matt Ellington 0-0: Foul Ball, location: 2F
0-1: Called Strike
0-2: Foul Ball, location: 2F
0-2: Strikes out swinging
Batting: RHB Winston Vasquez 0-0: Ground out 5-3 (Groundball, 56S, EV 65.0 MPH)
Batting: LHB Oscar Rivera 0-0: Ball
1-0: Foul Ball, location: 2F
1-1: Ball
2-1: Foul Ball, location: 2F
2-2: Ball
3-2: Foul Ball, location: 2F
3-2: Strikes out looking
Bottom of the 3rd over - 0 runs, 0 hits, 0 errors, 0 left on base; Florida State University 1 - Louisiana State University 1
TOP OF THE 4TH
Florida State University Seminoles batting - Pitching for Louisiana State University Tigers : LHP Juan Barrios
Batting: RHB Terry Cisneros 0-0: Called Strike
0-1: Ball
1-1: Ground out 4-3 (Groundball, 4, EV 81.2 MPH)
Batting: RHB Butch Huskey 0-0: Called Strike
0-1: Fly out, F7 (Flyball, 78M, EV 82.5 MPH)
Batting: RHB David Lucarelli 0-0: Swinging Strike
0-1: Ball
1-1: Called Strike
1-2: Foul Ball, location: 2F
1-2: Strikes out swinging, 2-3 out at first.
Top of the 4th over - 0 runs, 0 hits, 0 errors, 0 left on base; Florida State University 1 - Louisiana State University 1
BOTTOM OF THE 4TH
Louisiana State University Tigers batting - Pitching for Florida State University Seminoles : RHP Rodrigo Lovato
Batting: RHB Leo Roldan 0-0: Ball
1-0: Ball
2-0: Called Strike
2-1: Ball
3-1: Foul Ball, location: 2F
3-2: Strikes out looking
Batting: RHB Keith Ashton 0-0: Ground out 6-3 (Groundball, 6, EV 107.5 MPH)
Batting: LHB Elijah Mallandain 0-0: Ball
1-0: Called Strike
1-1: Foul Ball, location: 2F
1-2: Strikes out looking
Bottom of the 4th over - 0 runs, 0 hits, 0 errors, 0 left on base; Florida State University 1 - Louisiana State University 1
TOP OF THE 5TH
Florida State University Seminoles batting - Pitching for Louisiana State University Tigers : LHP Juan Barrios
Pitching: RHP Mike Moore
Now at 2B: Michael Maier
Now at 3B: Graham Beamish
Batting: RHB Emilio Guerra 0-0: Ground out U3 (Groundball, 34S, EV 83.8 MPH)
Batting: RHB Larry Berge 0-0: Ball
1-0: Called Strike
1-1: Called Strike
1-2: Ball
2-2: Ball
3-2: Strikes out swinging
Pinch Hitting: RHB Ruben Moreno 0-0: Ball
1-0: Foul Ball, location: 2F
1-1: Ground out 6-3 (Groundball, 6, EV 83.1 MPH)
Top of the 5th over - 0 runs, 0 hits, 0 errors, 0 left on base; Florida State University 1 - Louisiana State University 1
BOTTOM OF THE 5TH
Louisiana State University Tigers batting - Pitching for Florida State University Seminoles : RHP Rodrigo Lovato
Now at C: Hastings Miller
Now at 2B: Jon Odle
Now in LF: Ray Johnson
Now in CF: Brian Clayton
Batting: LHB Alex Morales 0-0: Ball
1-0: Ball
2-0: Called Strike
2-1: Ball
3-1: Ground out 6-3 (Groundball, 6M, EV 86.9 MPH)
Batting: RHB David Dye 0-0: Ball
1-0: Ball
2-0: Ground out 3-1 (Groundball, 34S, EV 83.8 MPH)
Batting: RHB Ding-bong Zhào 0-0: Ball
1-0: Fly out, F9 (Flyball, 89M, EV 85.0 MPH)
Bottom of the 5th over - 0 runs, 0 hits, 0 errors, 0 left on base; Florida State University 1 - Louisiana State University 1
TOP OF THE 6TH
Florida State University Seminoles batting - Pitching for Louisiana State University Tigers : RHP Mike Moore
Now at SS: Steve McCoig
Now in LF: Brian Caruso
Pinch Hitting: SHB Jason Farr 0-0: Ball
1-0: SINGLE (Groundball, 3D, EV 104.4 MPH)
Batting: RHB Ray Johnson 0-0: Swinging Strike
0-1: Foul Ball, location: 2F
0-2: SINGLE (Groundball, 6M, EV 100.0 MPH) (infield hit)
Jason Farr to second
Pinch Hitting: RHB George Smienk 0-0: Ball
1-0: Foul Ball, location: 2F
1-1: Fielders Choice at 2nd, 6-4 (Groundball, 56, EV 96.2 MPH)
Jason Farr to third
Pinch Hitting: SHB John Welsh 0-0: Ball
1-0: Ball
2-0: Fly out, F4 (Popup, 4, EV 46.9 MPH)
Pinch Hitting: LHB Matt Stewart 0-0: Called Strike
0-1: Ball
George Smienk is caught stealing 2nd base 2-6
Top of the 6th over - 0 runs, 2 hits, 0 errors, 1 left on base; Florida State University 1 - Louisiana State University 1
BOTTOM OF THE 6TH
Louisiana State University Tigers batting - Pitching for Florida State University Seminoles : RHP Rodrigo Lovato
Now at 1B: John Hunt
Now at 3B: Jeff Shields
Now in CF: George Smienk
Now in RF: Randy Bartlett
Batting: LHB Matt Ellington 0-0: Called Strike
0-1: Ball
1-1: Foul Ball, location: 2F
1-2: Strikes out swinging
Batting: SHB Graham Beamish 0-0: Foul Ball, location: 2F
0-1: Ball
1-1: Hit by Pitch
Pinch Hitting: RHB Elvin Ruffolo 0-0: Called Strike
0-1: Ball
1-1: DOUBLE (Groundball, 5L, EV 105.0 MPH)
Graham Beamish to third
Batting: RHB D.J. Ganz 0-0: Ball
1-0: Ball
Wild Pitch!
Graham Beamish scores
Elvin Ruffolo to third
2-0: Foul Ball, location: 2F
2-1: Ball
3-1: Called Strike
3-2: SINGLE (Line Drive, 4D, EV 95.0 MPH)
Elvin Ruffolo scores
Batting: RHB Michael Maier 0-0: Called Strike
0-1: Called Strike
0-2: Strikes out swinging
Pitching: RHP Gabe Blackmon
Batting: SHB Brian Caruso 0-0: Called Strike
0-1: Swinging Strike
0-2: Ball
1-2: Foul Ball, location: 2F
1-2: Strikes out swinging
Bottom of the 6th over - 2 runs, 2 hits, 0 errors, 1 left on base; Florida State University 1 - Louisiana State University 3
TOP OF THE 7TH
Florida State University Seminoles batting - Pitching for Louisiana State University Tigers : RHP Mike Moore
Pitching: RHP Jeremy Kolb
Now in CF: John Carter
Now in RF: Peter Turcotte
Batting: LHB Jeff Shields 0-0: Ball
1-0: Foul Ball, location: 2F
1-1: Foul Ball, location: 2F
1-2: Ball
2-2: Ground out U3 (Groundball, 3, EV 85.0 MPH)
Batting: RHB Julio Mendoza 0-0: Called Strike
0-1: Called Strike
0-2: Ball
1-2: Strikes out looking
Batting: SHB Jon Odle 0-0: Foul Ball, location: 2F
0-1: Called Strike
0-2: Strikes out looking
Top of the 7th over - 0 runs, 0 hits, 0 errors, 0 left on base; Florida State University 1 - Louisiana State University 3
BOTTOM OF THE 7TH
Louisiana State University Tigers batting - Pitching for Florida State University Seminoles : RHP Gabe Blackmon
Batting: RHB Peter Turcotte 0-0: Fly out, F7 (Line Drive, 78M, EV 88.1 MPH)
Pinch Hitting: LHB Jon Valdez 0-0: Ball
1-0: Called Strike
1-1: Fly out, F8 (Line Drive, 78M, EV 93.1 MPH)
Pinch Hitting: RHB Pete Roberts 0-0: Ball
1-0: Ball
2-0: Fly out, F8 (Flyball, 8RM, EV 89.4 MPH)
Bottom of the 7th over - 0 runs, 0 hits, 0 errors, 0 left on base; Florida State University 1 - Louisiana State University 3
TOP OF THE 8TH
Florida State University Seminoles batting - Pitching for Louisiana State University Tigers : RHP Jeremy Kolb
Pitching: RHP Chris Douglas
Now at 1B: Peter Turcotte
Now at SS: Byung-hee Jee
Now in RF: Manny Grado
Pinch Hitting: RHB J.R. Harvey 0-0: Foul Ball, location: 2F
0-1: Ball
1-1: Ball
2-1: Ground out 6-3 (Groundball, 6, EV 83.8 MPH)
Batting: LHB Hastings Miller 0-0: Ball
1-0: Foul Ball, location: 2F
1-1: Fly out, F9 (Flyball, 9, EV 87.5 MPH)
Pinch Hitting: LHB John Doiron 0-0: Ball
1-0: Ball
2-0: Ball
3-0: Called Strike
3-1: Ground out 1-3 (Groundball, 13S, EV 65.0 MPH)
Top of the 8th over - 0 runs, 0 hits, 0 errors, 0 left on base; Florida State University 1 - Louisiana State University 3
BOTTOM OF THE 8TH
Louisiana State University Tigers batting - Pitching for Florida State University Seminoles : RHP Gabe Blackmon
Now at 1B: Grayson Carmichael
Now at SS: J.R. Harvey
Pinch Hitting: SHB Stone Fraser 0-0: Ball
1-0: Ground out 1-3 (Groundball, 13, EV 71.2 MPH)
Batting: SHB Graham Beamish 0-0: Ball
1-0: Ball
2-0: Foul Ball, location: 2RF, Error on foul ball, E2
2-1: Ball
3-1: Ground out 4-3 (Groundball, 4, EV 104.4 MPH)
Batting: LHB John Carter 0-0: Ball
1-0: Foul Ball, location: 2F
1-1: Foul Ball, location: 2F
1-2: Fly out, F5 (Popup, 56S, EV 78.8 MPH)
Bottom of the 8th over - 0 runs, 0 hits, 1 error, 0 left on base; Florida State University 1 - Louisiana State University 3
TOP OF THE 9TH
Florida State University Seminoles batting - Pitching for Louisiana State University Tigers : RHP Chris Douglas
Pitching: RHP Luo-shan Xú
Now at C: Alfredo Padilla
Batting: RHB Ray Johnson 0-0: Ball
1-0: Ball
2-0: Ball
3-0: Called Strike
3-1: Fly out, F9 (Line Drive, 9S, EV 105.0 MPH)
Batting: RHB George Smienk 0-0: Called Strike
0-1: Foul Ball, location: 2F
0-2: Ball
1-2: Ball
2-2: Ground out 6-3 (Groundball, 6, EV 87.5 MPH)
Pinch Hitting: RHB Jonathan Bruni 0-0: Swinging Strike
0-1: Ball
1-1: Ball
2-1: Foul Ball, location: 2F
2-2: Strikes out swinging
Top of the 9th over - 0 runs, 0 hits, 0 errors, 0 left on base; Florida State University 1 - Louisiana State University 3
Thursday, December 15th , 2022 - OOTP Baseball 23.9 Build 102